 Dungeon Crawl Stone Soup version 0.27.1-33-g824d729ab1 (webtiles) character file.

Game seed: 9760438992877104956

829 pkoi the Grappler (level 7, -1/57 HPs)
             Began as a White Draconian Monk on Dec 30, 2021.
             Slain by Eustachio (3 damage)
             ... on level 5 of the Dungeon.
             The game lasted 00:05:53 (5946 turns).

pkoi the Grappler (White Draconian Monk)            Turns: 5946, Time: 00:05:54

Health: -1/57      AC:  6    Str: 14    XL:     7   Next: 65%
Magic:  0/7        EV: 13    Int: 12    God:
Gold:   259        SH:  0    Dex: 13    Spells: 6/6 levels left

rFire    . . .     SeeInvis .     - Unarmed
rCold    + . .     Faith    .   (no shield)
rNeg     . . .     Spirit   +   (armour unavailable)
rPois    .         Reflect  .   (helmet restricted)
rElec    .         Harm     .   (no cloak)
rCorr    .         Rampage  .   (no gloves)
Will     .....                  (no boots)
Stlth    +.........             g - amulet of guardian spirit
HPRegen  0.19/turn              (no ring)
MPRegen  0.10/turn              (no ring)

@: confused, brilliant, lethally poisoned (-1 -> -11), ambrosia-drunk
A: breathe frost, AC +6, unfitting armour, cold resistance 1, cold-blooded
a: Breathe Frost


You were on level 5 of the Dungeon.
You visited 1 branch of the dungeon, and saw 5 of its levels.

You collected 259 gold pieces.

Inventory:

Hand Weapons
 a - a +3 dagger
 s - a +2 short sword of electrocution
Missiles
 e - 12 poisoned darts (quivered)
 r - 3 boomerangs
Jewellery
 b - a ring of ice
 g - an amulet of guardian spirit (around neck)
 h - an amulet of magic regeneration
 j - a ring of ice
Wands
 u - a wand of flame (12)
Scrolls
 c - a scroll of torment {unknown}
 d - 2 scrolls of amnesia {unknown}
 f - a scroll of enchant weapon {unknown}
 l - 3 scrolls of vulnerability {unknown}
 m - 3 scrolls of identify {unknown}
 o - a scroll of teleportation {unknown}
 p - 2 scrolls of holy word {unknown}
 w - a scroll of blinking {unknown}
Potions
 i - a potion of ambrosia
 n - 2 potions of magic
 q - 2 potions of curing {unknown}
 t - a potion of lignification {unknown}
 v - a potion of attraction {unknown}


   Skills:
 - Level 3.2 Fighting
 + Level 4.8 Dodging
 - Level 1.7 Stealth
 * Level 8.0 Unarmed Combat


You had 6 spell levels left.
You didn't know any spells.
Your spell library contained the following spells:

 Spells                   Type           Power      Damage    Failure   Level
 Magic Dart               Conj           0%         1d3       32%         1
 Call Imp                 Summ           0%         N/A       45%         2
 Slow                     Hex            0%         N/A       45%         2
 Confusing Touch          Hex            0%         N/A       69%         3
 Mephitic Cloud           Conj/Pois/Air  0%         N/A       69%         3
 Yara's Violent Unravell  Hex/Tmut       0%         3d3       100%        5


Dungeon Overview and Level Annotations

Branches:
Dungeon (5/15)
 Temple: D:4-7

Altars:

Shops:
D:3 !

Annotations:
D:5 Eustachio


Innate Abilities, Weirdness & Mutations

You can breathe waves of freezing cold which knock back foes.
Your icy white scales are hard. (AC +6)
You cannot fit into any form of body armour.
Your flesh is cold resistant. (rC+)
You are cold-blooded and may be slowed by cold attacks.


Message History

You miss Eustachio.
Eustachio is heavily wounded.
The killer bee zombie barely misses you.
The ufetubus hits you.
* * * LOW HITPOINT WARNING * * *
The ufetubus hits you but does no damage.
The killer bee zombie hits you but does no damage.
The iron imp hits you.
* * * LOW HITPOINT WARNING * * *
You punch Eustachio! You tail-slap Eustachio.
Eustachio is severely wounded.
The ufetubus hits you.
* * * LOW HITPOINT WARNING * * *
The ufetubus barely misses you.
Eustachio hits you with a +2 rapier of venom.
* * * LOW HITPOINT WARNING * * *
You are poisoned.
The killer bee zombie closely misses you.
The ufetubus hits you but does no damage. x2
It was a potion of brilliance.
You feel clever all of a sudden.
You feel sick.
The killer bee zombie closely misses you.
Eustachio hits you but does no damage.
You are lethally poisoned!
The ufetubus hits you but does no damage.
The ufetubus hits you.
* * * LOW HITPOINT WARNING * * *
The killer bee zombie barely misses you.
The iron imp hits you!
* * * LOW HITPOINT WARNING * * *
You are confused.
You feel invigorated.
* * * LOW HITPOINT WARNING * * *
You feel very sick.
The ufetubus disappears in a puff of smoke!
The killer bee zombie hits you.
* * * LOW HITPOINT WARNING * * *
Eustachio hits you with a +2 rapier of venom.
You die...

## .# #.# ##### ####.####
#..5####.......#
#..@@b.........#
..#####.Z§####..[....#
.(...(...Z# #.......#
..####..(.####.......####
.......('..............
####....###.###.#######
#....# #. #.# #..... ..
#.# #(...###.###.####


You could see Eustachio (resistant), an iron imp (summoned), a killer bee
zombie, a bat (summoned) and a centaur skeleton.

Vanquished Creatures
  2 ogres (D:4)
  A centaur (D:5)
  3 scorpions (D:4)
  A hound (D:5)
  3 orc priests
  A bullfrog skeleton (D:4)
  A gnoll shaman (D:4)
  2 orc wizards (D:4)
  Ijyb (D:5)
  Robin (D:2)
  2 adders (D:4)
  3 gnolls (D:4)
  An adder skeleton (D:4)
  A worm (D:4)
  A dart slug (D:4)
  9 orcs
  6 ball pythons
  2 bats
  5 endoplasms
  2 giant cockroaches (D:1)
  11 goblins
  4 hobgoblins
  10 jackals (D:1)
  6 kobolds
  6 quokkas
  4 frilled lizards
  2 rats
91 creatures vanquished.

Vanquished Creatures (others)
  2 plants (D:2)
  4 withered plants (D:2)
6 creatures vanquished.

Grand Total: 97 creatures vanquished

Notes
Turn   | Place    | Note
-------+----------+-------------------------------------------
     0 | D:1      | pkoi the Draconian Monk began the quest for the Orb.
     0 | D:1      | Reached XP level 1. HP: 19/19 MP: 1/1
   132 | D:1      | Reached XP level 2. HP: 20/26 MP: 2/2
   631 | D:1      | Reached skill level 4 in Unarmed Combat
   663 | D:1      | Reached XP level 3. HP: 20/31 MP: 3/3
  1245 | D:2      | Noticed Robin
  1325 | D:2      | Killed Robin
  1429 | D:2      | Reached XP level 4. HP: 38/38 MP: 4/4
  1631 | D:2      | Reached skill level 5 in Unarmed Combat
  2108 | D:2      | Found a faded altar of an unknown god.
  3142 | D:3      | Found Atuvyid's Distillery.
  3545 | D:4      | Noticed a scorpion
  3565 | D:4      | Killed a scorpion
  3566 | D:4      | Reached XP level 5. HP: 33/45 MP: 5/5
  3873 | D:4      | Reached skill level 6 in Unarmed Combat
  4199 | D:4      | Reached XP level 6. HP: 10/51 MP: 2/6
  4731 | D:4      | Reached skill level 7 in Unarmed Combat
  4756 | D:4      | Your scales start taking on an icy white colour.
  4756 | D:4      | Reached XP level 7. HP: 9/57 MP: 1/7
  4756 | D:4      | Gained mutation: Your flesh is cold resistant. (rC+) [White
                  | Draconian growth]
  5551 | D:5      | Entered Level 5 of the Dungeon
  5555 | D:5      | Noticed Ijyb
  5586 | D:5      | Killed Ijyb
  5748 | D:5      | Reached skill level 8 in Unarmed Combat
  5916 | D:5      | Noticed Eustachio
  5946 | D:5      | HP: 2/57 [killer bee zombie (1)]
  5946 | D:5      | Slain by Eustachio

Illustrated notes

Levels and vault maps discovered:
D:1:      evilmike_arrival_crescent, layout_loops_ring
D:2:      layout_basic, shapermc_ecumenical_altar_flowoftime, uniq_robin
D:3:      layout_loops_cross, serial_shops, shop, hangedman_decor_peaks_small,
          kennysheep_cross_bottleneck
D:4:      layout_loops_ring
D:5:      layout_basic, lemuel_crystal_altar, minmay_temple_entry_grid,
          chequers_jeans, minmay_hedge_maze, chequers_decorated_corner,
          uniq_grinder, uniq_blork_the_orc, uniq_ijyb, uniq_eustachio

Skill      XL: |  1  2  3  4  5  6  7 |
---------------+----------------------+-----
Unarmed Combat | 4 5 6 7 8 |  8.0
Dodging        | 3 4 |  4.8
Fighting       | |  3.2
Stealth        | |  1.7

Action                   |  1- 3 |  4- 6 |  7- 9 || total
-------------------------+-------+-------+-------++-------
Melee: Unarmed           |   115 |   171 |    71 ||   357
       Tailslap          |    14 |    30 |    11 ||    55
       Punch             |     3 |     3 |     2 ||     8
       Dagger            |    23 |       |       ||    23
Throw: Dart              |       |    17 |    60 ||    77
  Use: Potion            |       |     3 |     2 ||     5
 Stab: Sleeping          |     3 |       |       ||     3
Armor: Skin              |    31 |    24 |    35 ||    90
Dodge: Dodged            |    95 |    57 |    80 ||   232
